 Dungeon Crawl Stone Soup version 0.26.1-11-gd32895ea62 (webtiles) character file.

Game seed: 15058431985997784903

96 Ijustatesigmund the Skirmisher (level 4, 0/31 HPs)
             Began as an Octopode Fighter on July 1, 2021.
             Succumbed to a worker ant's poison
             ... on level 3 of the Dungeon.
             The game lasted 00:03:26 (1901 turns).

Ijustatesigmund the Skirmisher (Octopode Fighter)   Turns: 1901, Time: 00:03:26

Health: 0/31       AC:  1    Str: 13    XL:     4   Next: 67%
Magic:  4/4        EV: 12    Int: 10    God:
Gold:   92         SH:  8    Dex: 12    Spells: 3/3 levels left

rFire    . . .     SeeInvis .   a - +0 war axe
rCold    . . .     Faith    .   b - +0 kite shield
rNeg     + . .     Spirit   .   (helmet restricted)
rPois    .         Reflect  .   (no amulet)
rElec    .         Harm     .   k - ring of positive energy
rCorr    .         Rampage  .   (no ring)
Will     .....                  (no ring)
Stlth    ++........             (no ring)
HPRegen  0.10/turn              (no ring)
MPRegen  0.09/turn              (no ring)
                                (no ring)
                                (no ring)

@: mighty, lethally poisoned (0 -> -1)
A: almost no armour, stealthy swim, amphibious, 8 rings, constrict 8, antennae
1, camouflage 1, weak 1, gelatinous body 1
a: no special abilities


You were on level 3 of the Dungeon.
You visited 1 branch of the dungeon, and saw 3 of its levels.

You collected 92 gold pieces.

Inventory:

Hand Weapons
 a - a +0 war axe (weapon)
Armour
 b - a +0 kite shield (worn)
Jewellery
 k - a ring of positive energy (left tentacle)
Scrolls
 e - 3 scrolls of remove curse
 m - a scroll of immolation
 n - a scroll of fear
Potions
 c - a potion of might
 d - 2 potions of berserk rage
 h - a potion of attraction
 i - a potion of lignification


   Skills:
 + Level 3.5 Fighting
 * Level 3.3 Axes
 + Level 3.5 Dodging
 + Level 3.5 Shields


You had 3 spell levels left.
You didn't know any spells.
Your spell library was empty.

Dungeon Overview and Level Annotations

Branches:
Dungeon (3/15)

Altars:
Xom
Yredelemnul


Innate Abilities, Weirdness & Mutations

You cannot wear most types of armour.
You are very stealthy in the water. (Stealth+)
You are amphibious.
You can wear up to eight rings at the same time.
You can use your tentacles to constrict eight enemies at once.
Your skin changes colour to match your surroundings (Stealth+).
Your rubbery body absorbs attacks. (AC +1, EV +1)
You have a pair of small antennae on your head.
You are weak. (Str -2)


Message History

You slash the worker ant!
You kill the worker ant!
* * * LOW HITPOINT WARNING * * *
You feel sick.
Really quaff the potion of mutation?
You feel extremely strange.
You no longer feel heat resistant.
You feel stupid.
You feel weaker. A pair of antennae grows on your head!
* * * LOW HITPOINT WARNING * * *
You feel sick.
Unknown command.
* * * LOW HITPOINT WARNING * * *
You feel sick.
There is a stone staircase leading up here.
* * * LOW HITPOINT WARNING * * *
You feel sick.
Found a scroll labelled RUICKE ERURUC.
A rat comes into view.
Found a robe.
You die...

###.#.##.##
#..<(......
#..........
#####..........
#..............
#..............
#..............
#####..........
#..@.......
...............
...............
.....r?........
...............
..[...#########
...... ......


You could see a rat.

Vanquished Creatures
  A worker ant (D:3)
  A hound zombie (D:2)
  An adder (D:3)
  2 worms (D:2)
  2 leopard geckos
  2 orcs (D:3)
  A ball python (D:1)
  5 bats
  A giant cockroach (D:1)
  2 goblins (D:1)
  4 hobgoblins
  3 jackals (D:2)
  3 frilled lizards
  8 kobolds
  4 rats
40 creatures vanquished.

Notes
Turn   | Place    | Note
-------+----------+-------------------------------------------
     0 | D:1      | Ijustatesigmund the Octopode Fighter began the quest for
                  | the Orb.
     0 | D:1      | Reached XP level 1. HP: 16/16 MP: 1/1
   350 | D:1      | Reached XP level 2. HP: 20/21 MP: 2/2
   757 | D:2      | Found a shimmering altar of Xom.
   973 | D:2      | Reached XP level 3. HP: 26/26 MP: 3/3
  1232 | D:2      | Found a basalt altar of Yredelemnul.
  1757 | D:2      | Gained mutation: Your system is resistant to poisons.
                  | (rPois) [potion of mutation]
  1757 | D:2      | Lost mutation: Your system is resistant to poisons. (rPois)
                  | [potion of mutation]
  1757 | D:2      | Gained mutation: Your flesh is heat resistant. (rF+)
                  | [potion of mutation]
  1757 | D:2      | Gained mutation: Your mind is acute. (Int +2) [potion of
                  | mutation]
  1859 | D:3      | Reached XP level 4. HP: 31/31 MP: 4/4
  1887 | D:3      | Lost mutation: Your flesh is heat resistant. (rF+) [potion
                  | of mutation]
  1887 | D:3      | Lost mutation: Your mind is acute. (Int +2) [potion of
                  | mutation]
  1887 | D:3      | Gained mutation: You are weak. (Str -2) [potion of
                  | mutation]
  1887 | D:3      | Gained mutation: You have a pair of small antennae on your
                  | head. [potion of mutation]
  1897 | D:3      | HP: 1/31 [poisoned by a worker ant]
  1901 | D:3      | Succumbed to a worker ant's poison

Illustrated notes

Levels and vault maps discovered:
D:1:      lightli_arrival_isolated_outpost, layout_basic
D:2:      layout_basic, lemuel_round_altar, xom_teletrap_fun
D:3:      layout_basic, gammafunk_ghost_smash, minmay_surrounded

Skill      XL: |  1  2  3 |
---------------+----------+-----
Axes           | 3 |  3.3
Fighting       | |  3.5
Dodging        | |  3.5
Shields        | |  3.5

Action                   |  1- 3 |  4- 6 || total
-------------------------+-------+-------++-------
Melee: War axe           |    61 |    13 ||    74
       Constrict         |    15 |     4 ||    19
       Tentacles         |     9 |     4 ||    13
  Use: Scroll            |     9 |       ||     9
       Potion            |     1 |     3 ||     4
 Stab: Sleeping          |     5 |       ||     5
       Distracted        |     1 |       ||     1
Armor: Skin              |     3 |     2 ||     5
Dodge: Dodged            |    25 |     2 ||    27
Block: Kite shield       |    27 |     4 ||    31
